 Dungeon Crawl Stone Soup version 0.29-a0-298-g3c90f9a769 (webtiles) character file.

Game seed: 16315018432288700414

641 kipponium the Chopper (level 7, -6/52 HPs)
             Began as a Demonspawn Berserker on Mar 22, 2022.
             Was a Believer of Trog.
             Killed from afar by Dowan (17 damage)
             ... with a shard of ice
             ... on level 4 of the Dungeon.
             The game lasted 00:07:54 (4094 turns).

kipponium the Chopper (Demonspawn Berserker)        Turns: 4094, Time: 00:07:56

Health: -6/52      AC:  9    Str: 26    XL:     7   Next: 26%
Magic:  7/7        EV: 10    Int:  8    God:    Trog [**....]
Gold:   205        SH:  3    Dex: 12    Spells: 6/6 levels left

rFire   . . .      SeeInvis .   t - +0 war axe
rCold   . . .      Faith    .   r - +0 buckler
rNeg    + . .      Spirit   .   n - +0 ring mail
rPois   .          Reflect  .   g - +0 helmet
rElec   .          Harm     .   j - +0 cloak
rCorr   .          Rampage  .   (no gloves)
Will    .....      Clarity  +   (no boots)
Stlth   +.........              (no amulet)
HPRegen 0.17/turn               f - ring of positive energy
MPRegen 0.10/turn               o - +6 ring of strength

@: on berserk cooldown, flying
A: hooves 2, slimy green scales 1, clarity, wild magic 1, MP-powered wands
a: Renounce Religion, Berserk, Trog's Hand


You were on level 4 of the Dungeon.
You worshipped Trog.
Trog was pleased with you.
You visited 1 branch of the dungeon, and saw 4 of its levels.

You collected 205 gold pieces.

Inventory:

Hand Weapons
 a - a +0 hand axe
 t - a +0 war axe (weapon)
 u - a +1 vorpal shortbow
Missiles
 s - 3 poisoned darts (quivered)
Armour
 b - a +0 animal skin
 e - a +0 tower shield of reflection
 g - a +0 helmet (worn)
 j - a +0 cloak (worn)
 n - a +0 ring mail (worn)
 r - a +0 buckler (worn)
Jewellery
 f - a ring of positive energy (left hand)
 o - a +6 ring of strength (right hand)
Wands
 p - a wand of paralysis (5)
Scrolls
 c - a scroll of noise {unknown}
 d - a scroll of enchant armour {unknown}
 h - a scroll of enchant weapon {unknown}
 i - 2 scrolls of fog {unknown}
 l - 2 scrolls of blinking {unknown}
Potions
 q - a potion of curing {unknown}


   Skills:
 - Level 3.0 Fighting
 * Level 7.7 Axes
 - Level 1.7 Armour
 - Level 1.7 Dodging
 * Level 0.4 Shields


You had 6 spell levels left.
You didn't know any spells.
Your spell library was empty.

Dungeon Overview and Level Annotations

Branches:
Dungeon (4/15)
 Temple: D:4-7

Altars:
Trog

Annotations:
D:4 Dowan


Innate Abilities, Weirdness & Mutations

You have hoof-like feet.
You are partially covered in slimy green scales. (AC +2)
You possess an exceptional clarity of mind.
Your spells are a little harder to cast, but a little more powerful.
You expend magic power (3 MP) to strengthen your wands.


Message History

Dowan casts a spell at you. The shard of ice hits you!!
You closely miss Dowan. Dowan hits you but does no damage.
Dowan hits you with a +0 dagger.
Dowan mumbles some strange words.
Dowan blinks!
You see here a hobgoblin corpse.
You slash Dowan! Your kick misses Dowan.
Dowan is heavily wounded.
Dowan hits you but does no damage. Dowan barely misses you.
Dowan points at you and mumbles some strange words.
The shard of ice hits you!
You barely miss Dowan. Your kick misses Dowan.
Dowan is heavily wounded.
Dowan hits you with a +0 dagger.
* * * LOW HITPOINT WARNING * * *
Dowan hits you but does no damage. Dowan misses you.
It was a potion of mutation.
You feel extremely strange.
Your thoughts seem clearer.
You feel your magical essence link to the dungeon's wands.
You feel less in control of your magic.
Dowan mumbles some strange words.
Dowan blinks!
Dowan mumbles some strange words.
Dowan blinks!
You feel yourself speed up. Dowan hits you but does no damage.
Dowan hits you with a +0 dagger.
* * * LOW HITPOINT WARNING * * *
You hit Dowan.
Dowan is severely wounded.
Dowan hits you but does no damage.
Dowan casts a spell.
Dowan blinks!
It was a potion of flight.
You feel very buoyant.
You fly up into the air.
Dowan breathes, "And she was my only..."
Dowan points at you and mumbles some strange words.
The shard of ice hits you!
You die...

.......### ######.#........#.#
#.####...#####...........###.
#.# ###....##.#####.##### #.
#.# #.......# #.# ##.### ..#
#.##...######.# ##..... .##
##.####........# #....... .#
###...# #####....####..#....#
.# #...###
######§##............ .# #.##
###...†@.........#####.
.###.#####...###..#e.###.## #.#
.....>.....###.......# .. . #..
......§###...e>.#..### ###.###
#......##..####...## ##.###
######....####...## ..<... #
##...######...######### ......
# #.)#######..#..........
#...... #
##.†..##......###########......


You could see Dowan (fast).

Vanquished Creatures
  Duvessa (D:4)
  2 scorpions (D:4)
  2 hounds (D:4)
  An iguana (D:4)
  Terence (D:3)
  Ijyb (D:4)
  Natasha (thrice) (D:3)
  Robin (D:3)
  4 gnolls (D:4)
  8 adders
  A worm (D:2)
  A dart slug (D:1)
  An orc (D:4)
  5 ball pythons
  5 endoplasms
  7 giant cockroaches
  14 goblins
  8 hobgoblins
  2 jackals (D:2)
  4 kobolds
  3 quokkas
  9 bats
  A frilled lizard (D:2)
  6 rats
91 creatures vanquished.

Notes
Turn   | Place    | Note
-------+----------+-------------------------------------------
     0 | D:1      | kipponium the Demonspawn Berserker began the quest for the
                  | Orb.
     0 | D:1      | Reached XP level 1. HP: 18/18 MP: 1/1
   411 | D:1      | Reached skill level 3 in Axes
   552 | D:1      | Gained mutation: You are partially covered in slimy green
                  | scales. (AC +2) [demonic ancestry]
   552 | D:1      | Reached XP level 2. HP: 23/24 MP: 2/2
   818 | D:1      | Found a faded altar of an unknown god.
  1276 | D:2      | Reached XP level 3. HP: 25/29 MP: 3/3
  1284 | D:2      | Reached skill level 4 in Axes
  1612 | D:2      | Reached ** piety under Trog
  1622 | D:2      | Gained mutation: You have large cloven feet. [demonic
                  | ancestry]
  1622 | D:2      | Reached XP level 4. HP: 35/35 MP: 4/4
  2287 | D:3      | Reached skill level 5 in Axes
  2327 | D:3      | Noticed Natasha
  2331 | D:3      | Killed Natasha
  2339 | D:3      | Noticed Natasha
  2349 | D:3      | Killed Natasha
  2350 | D:3      | Reached XP level 5. HP: 27/41 MP: 5/5
  2481 | D:3      | Noticed Natasha
  2486 | D:3      | Killed Natasha
  2767 | D:3      | Noticed Terence
  2774 | D:3      | Killed Terence
  2978 | D:3      | Noticed Robin
  2992 | D:3      | Reached skill level 6 in Axes
  2995 | D:3      | Killed Robin
  3375 | D:4      | Gained mutation: You have hoof-like feet. [demonic
                  | ancestry]
  3375 | D:4      | Reached XP level 6. HP: 47/47 MP: 6/6
  3742 | D:4      | Noticed Ijyb
  3749 | D:4      | Killed Ijyb
  3803 | D:4      | Reached skill level 7 in Axes
  3815 | D:4      | Reached XP level 7. HP: 52/52 MP: 7/7
  3905 | D:4      | Found a bloodstained altar of Trog.
  3981 | D:4      | Noticed Dowan
  3981 | D:4      | Noticed Duvessa
  4057 | D:4      | Killed Duvessa
  4091 | D:4      | Gained mutation: You possess an exceptional clarity of
                  | mind. [potion of mutation]
  4091 | D:4      | Gained mutation: You expend magic power (3 MP) to
                  | strengthen your wands. [potion of mutation]
  4091 | D:4      | Gained mutation: Your spells are a little harder to cast,
                  | but a little more powerful. [potion of mutation]
  4094 | D:4      | Killed from afar by Dowan

Illustrated notes

Levels and vault maps discovered:
D:1:      matt_arrival_diagonals, layout_basic, chequers_ecumenical_altar_island
D:2:      cheibrodos_helix_gallery, layout_basic, minmay_fractal_squares_5
D:3:      layout_loops_corners, uniq_terence, uniq_natasha, uniq_robin
D:4:      layout_rooms, old_standard_altar, minmay_temple_entry_nine_rooms,
          uniq_ijyb, uniq_duvessa

Skill      XL: |  1  2  3  4  5  6 |
---------------+-------------------+-----
Axes           | 3 4 5 6 7 |  7.7
Fighting       | |  3.0
Armour         | |  1.7
Dodging        | |  1.7
Shields        | |  0.4

Action                   |  1- 3 |  4- 6 |  7- 9 || total
-------------------------+-------+-------+-------++-------
Melee: Hand axe          |   112 |   136 |     2 ||   250
       Punch             |     4 |       |       ||     4
       Kick              |       |    35 |     4 ||    39
       War axe           |       |       |    15 ||    15
Invok: Berserk           |     1 |     6 |     1 ||     8
  Use: Potion            |       |     1 |     2 ||     3
 Stab: Sleeping          |     1 |       |       ||     1
Armor: Animal skin       |    54 |    45 |       ||    99
       Ring mail         |       |     3 |     8 ||    11
Dodge: Dodged            |    92 |    86 |     5 ||   183
Block: Buckler           |       |       |     2 ||     2

Table legend: (Time is in decaauts)
 A = Elapsed time spent in this place.
 B = Non-inter-level travel time spent in this place.
 C = Inter-level travel time spent in this place.
 D = Time resting spent in this place.
 E = Time spent auto-exploring this place.
 F = Levels seen in this place.
 G = Mean time per level.
                   A        B        C        D        E       F      G
               +--------+--------+--------+--------+--------+-----+--------+
         Total |   4196 |   4059 |    137 |   1200 |   2095 |   4 | 1049.0 |
       Dungeon |   4196 |   4059 |    137 |   1200 |   2095 |   4 | 1049.0 |
               +--------+--------+--------+--------+--------+-----+--------+

Top non-repeatable levels by time:
     D:1: 1208 daAuts
     D:3: 1132 daAuts
     D:2: 1090 daAuts
     D:4: 766 daAuts
